 BcadrenCrawl: Boulder Brew version 0.03.2.1-72-g33da5a4ea5 (webtiles) character file.

Game seed: 4582512191949690375, levelgen mode: deterministic

15239 esc the Nimble (level 11, 0/6 HPs) Fairy Earth Elementalist. Began on Feb 13, 2021. Slain by a boulder beetle (1 damage) ... on level 7 of the Dungeon. The game lasted 00:13:08 (5175 turns).

esc the Nimble (Fairy Earth Elementalist)           Turns: 5175, Time: 00:13:09

Health: 0/6        AC:  0    Str:  2    XL:     11 ^: 78
Magic:  5/5        EV: 40    Int: 27    God:
Gold:   326        SH:  0    Dex: 18    Spells: 31/35 levels left

rFire    . . .     Vision   .   f - amulet of the Skies Above {Acrobat rPois Int+6}
rCold    . . .     Gourm    .
rNeg     . . .     Faith    .
rPois    +         Spirit   .
rElec    .         Reflect  .
rCorr    .         Harm     .
MR       ++...
Stlth    +.........
HPRegen  0.12/turn
MPRegen  0.15/turn

@: flying, glowing, slow
A: tiny, no armour or weapons, only one jewelry slot, no melee attacks, fairy
magic, fairy shield, fairy light, decreased potion and divine healing, slowness
1, able to fly, insubstantial
a: Stop Flying


You were on level 7 of the Dungeon.
You were not hungry.

You visited 2 branches of the dungeon, and saw 8 of its levels.

You collected 326 gold pieces.

Inventory:

Jewellery
 d - an uncursed ring of positive energy
 f - the amulet of the Skies Above (around core) {Acrobat rPois Int+6}
   (You acquired it on level 1 of the Dungeon)

   [amulet of the acrobat]

   It helps you evade while moving and waiting.
   It affects your intelligence (+6).
   It protects you from poison.
 g - a cursed amulet of regeneration {(Curse: Fragile)}
 i - a cursed ring of positive energy {(Curse: -Vis)}
 n - a cursed amulet of magic regeneration {(Curse: rC-)}
 q - the cursed ring "Goithrox" {Wiz *Drain +Blink rPois MP-9 Str+4, (Curse: Slay-5)}
   (You took it off an orc wizard on level 4 of the Dungeon)

   [ring of wizardry]

   It improves your spell success rate.
   It affects your strength (+4).
   It protects you from poison.
   It affects your magic capacity (-9).
   It lets you blink.
   It causes draining when unequipped.
   It has a curse placed upon it.
   { (Curse: Slay-5)}
 s - a cursed ring of ice {(Curse: *Tele)}
 v - an uncursed ring of ice
 x - an uncursed ring of evasion
 A - an uncursed ring of ice
 D - a cursed ring of ice {(Curse: Stlth-)}
Wands
 j - a wand of flame (41)
 p - a wand of iceblast (3)
 u - a wand of hasting (1)
 y - a wand of scattershot (1)
 C - a wand of enslavement
 E - a wand of polymorph
Scrolls
 a - 2 scrolls of fear
 c - 3 scrolls of enchantment
 h - 3 scrolls of magic mapping
 k - 2 scrolls of fog
 o - a scroll of bless item
 t - 2 scrolls of amnesia
 G - a scroll of blinking
Potions
 e - a potion of berserk rage
 l - 3 potions of curing
 m - a potion of cancellation
 r - a potion of magic
 w - 2 potions of haste
 z - 2 potions of ambrosia
 B - a potion of resistance
Comestibles
 b - 10 rations
 F - 4 chunks of flesh


   Skills:
 + Level 14.3 Dodging
 - Level 1.4 Stealth
 + Level 12.5 Spellcasting
 + Level 0.8 Hexes
   Level 1.0 Transmutations
 + Level 11.6 Earth Magic


You had 31 spell levels left.
You knew the following spells:

 Your Spells              Type           Power        Failure   Level  Hunger
a - Sandblast             Erth           50 (50)      1%          1    None
b - Confuse               Hex            21 (100)     7%          3    None

Your spell library contained the following spells:

 Spells                   Type           Power        Failure   Level  Hunger
 Passwall                 Tmut/Erth      50 (120)     1%          2    None
 Stone Arrow              Erth           50 (50)      1%          3    None
 Lee's Rapid Deconstruct  Erth           68 (200)     1%          5    ##.....
 Methodical Deconstructi  Erth           68 (200)     1%          5    ##.....
 Magic Candle             Hex/Fire       19 (90)      2%          1    None
 Petrify                  Tmut/Erth      50 (100)     2%          4    None
 Ensorcelled Hibernation  Hex/Ice        19 (50)      4%          2    None
 Tukima's Dance           Hex            21 (100)     7%          3    None
 Blinding Spray           Hex/Pois       19 (50)      9%          3    None
 Fulminant Prism          Hex            21 (200)     24%         4    None


Dungeon Overview and Level Annotations

Branches:
Dungeon (7/8)              Temple (1/1) D:4            Lair (0/6) D:5
    Orc (0/2) D:6
 Vaults: D:7

Altars:
Ashenzari
Cheibriados
Fedhas Madash
Gozag Ym Sagoz
Hepliaklqana
Makhleb
Nemelex Xobeh
Okawaru
Qazlal
Ru
Trog
Uskayaw
Wu Jian
The Shining One

Shops:
D:3 [

Portals:
Trove: D:5 (give 16 potions of curing)

Annotations:
D:4 1 runed translucent door, Paps's ghost, novice GrFi
D:5 2 transporters, Lanoc's ghost, novice MfDs


Innate Abilities, Weirdness & Mutations

You are too small to use any gear.
You can wear a single ring or amulet completely around your body.
You are incapable of melee of any kind.
Your magic reserves are extremely low but spells that normally cost one mana are free and all other spells cost one mana.
You are extremely frail but all attacks that strike you do exactly one damage.
You exude a bright light in a small radius around yourself.
The effect of potions and godly healing effects is reduced to match your tiny health and magic reserves.
You cover ground slowly.
You can fly continuously.
Your insubstantial form boosts your evasion and grants immunity to sticky flames, nets and constriction.


Message History

The boulder beetle is almost dead. (5/101) HP The boulder beetle misses you (0).
Casting: Sandblast (safe; 1% risk of failure)
Confirm with . or Enter, or press ? or * to list all spells.
Aiming: Sandblast (safe; 1% risk of failure)
Press: ? - help, Shift-Dir - straight line, f/p - gargoyle
Aim: a gargoyle, wielding a +0 mace (lightly damaged (25/26), haloed)
The blast of sand hits the boulder beetle (5).
The boulder beetle is almost dead. (1/101) HP The boulder beetle bites you (19)!!
* * * LOW HITPOINT WARNING * * *
Casting: Sandblast (safe; 1% risk of failure)
Confirm with . or Enter, or press ? or * to list all spells.
Aiming: Sandblast (safe; 1% risk of failure)
Press: ? - help, Shift-Dir - straight line, f/p - gargoyle
Aim: a gargoyle, wielding a +0 mace (lightly damaged (25/26), haloed)
The blast of sand hits the boulder beetle but does no damage (0).
The boulder beetle is almost dead. (2/101) HP The boulder beetle bites you (28)!!
You die...

♣≈≈≈≈P...≈
♣≈≈≈≈≈...#
♣≈≈≈≈≈....
P≈≈P♣...
..♣P;P≈..#
...♣≈♣...#
.9..♣..9.# #B#
#@# #.# #.#
########.#
.........#####.
######.........
#...######..
#.### ##.#


You could see a boulder beetle, a gargoyle and an electric eel.

Vanquished Creatures
  Erolcha (D:5)
  A great orb of eyes (D:6)
  6 two-headed ogres
  A centaur warrior (D:7)
  Pikel (D:3)
  Maurice (D:4)
  3 ugly things (D:6)
  A troll (D:5)
  Psyche (D:4)
  A komodo dragon (D:6)
  2 hippogriffs (D:5)
  A cyclops (D:6)
  2 basilisks (D:5)
  A wyvern (D:7)
  4 yaks (D:5)
  Sigmund (D:3)
  An acid dragon (D:6)
  2 hungry ghosts (D:5)
  A water moccasin (D:5)
  A phantom (D:5)
  6 orc warriors
  3 scorpions
  A soldier ant (D:6)
  3 porcupines
  An eye of draining (D:7)
  2 ice beasts
  A sky beast (D:4)
  A black bear (D:4)
  4 ogres
  2 crocodiles (D:5)
  4 big kobolds
  8 bullfrogs
  A harpy zombie (D:6)
  2 centaurs (D:5)
  3 howler monkeys
  A quasit (D:4)
  8 wights (D:5)
  5 orc priests
  8 hounds
  5 jellies
  11 orc wizards
  A gnoll shaman (D:4)
  5 iguanas
  9 worker ants
  2 wyvern zombies
  A wyvern skeleton (D:5)
  4 giant cockroaches
  A bullfrog zombie (D:6)
  4 bullfrog skeletons
  A porcupine skeleton (D:3)
  6 adders
  11 gnolls
  12 sewer rats (D:2)
  2 worms
  3 cinder newts
  2 oozes
  A howler monkey skeleton (D:3)
  A dart slug (D:1)
  7 leopard geckos
  25 orcs
  2 bats (D:2)
  2 goblins (D:1)
  6 hobgoblins (D:1)
  3 jackals (D:3)
  3 quokkas
  4 ball pythons
  A bat skeleton (D:2)
  A jackal skeleton (D:3)
  18 kobolds
  A rat (D:1)
  A butterfly (D:4)
  2 slaves (D:3)
  6 withered plants (D:2)
261 creatures vanquished.

Vanquished Creatures (others)
  An adder (D:3)
  2 fungi (D:5)
  17 plants
  59 withered plants (D:2)
79 creatures vanquished.

Grand Total: 340 creatures vanquished

Notes
Turn   | Place    | Note
-------+----------+-------------------------------------------
     0 | D:1      | esc the Fairy Earth Elementalist began the quest for the
                  | Orb.
     0 | D:1      | Reached XP level 1. HP: 3/3 MP: 3/3
    53 | D:1      | Reached skill level 3 in Dodging
    66 | D:1      | Reached XP level 2. HP: 3/3 MP: 3/3
    97 | D:1      | Identified a scroll of acquirement
   115 | D:1      | Identified the amulet of the Skies Above {Acrobat rPois
                  | Int+6} (You acquired it on level 1 of the Dungeon)
   220 | D:1      | Reached XP level 3. HP: 4/4 MP: 3/3
   537 | D:2      | Noticed a bullfrog
   540 | D:2      | Killed a bullfrog
   540 | D:2      | Reached skill level 4 in Dodging
   540 | D:2      | Reached XP level 4. HP: 4/4 MP: 3/3
   622 | D:2      | Reached XP level 5. HP: 4/4 MP: 3/3
   812 | D:2      | Reached skill level 5 in Dodging
   857 | D:2      | Reached XP level 6. HP: 5/5 MP: 3/3
   936 | D:2      | Found a snail-covered altar of Cheibriados.
  1267 | D:2      | Reached skill level 6 in Dodging
  1267 | D:2      | Reached skill level 5 in Spellcasting
  1267 | D:2      | Reached skill level 5 in Earth Magic
  1291 | D:2      | Reached XP level 7. HP: 5/5 MP: 3/3
  1962 | D:3      | Noticed Pikel
  1976 | D:3      | Killed Pikel
  1976 | D:3      | Reached skill level 7 in Dodging
  1976 | D:3      | Reached XP level 8. HP: 2/5 MP: 3/3
  2016 | D:3      | Noticed Sigmund
  2024 | D:3      | Killed Sigmund
  2028 | D:3      | Reached skill level 8 in Dodging
  2281 | D:3      | Found Qidghaviwu's Antique Armour Shoppe.
  2732 | D:4      | Reached skill level 9 in Dodging
  2748 | D:4      | Identified the cursed ring "Goithrox" {Wiz *Drain +Blink
                  | rPois MP-9 Str+4, (Curse: Slay-5)}
  2772 | D:4      | Found a staircase to the Ecumenical Temple.
  2785 | Temple   | Entered the Ecumenical Temple
  2921 | D:4      | Reached XP level 9. HP: 4/6 MP: 4/4
  3033 | D:4      | Found a runed translucent door.
  3033 | D:4      | Noticed Paps's ghost (novice GrFi)
  3047 | D:4      | Reached skill level 10 in Dodging
  3053 | D:4      | Noticed a two-headed ogre
  3058 | D:4      | Killed a two-headed ogre
  3313 | D:4      | Noticed Psyche
  3315 | D:4      | Killed Psyche
  3375 | D:4      | Noticed Maurice
  3378 | D:4      | Reached skill level 11 in Dodging
  3389 | D:4      | Killed Maurice
  3389 | D:4      | Reached XP level 10. HP: 6/6 MP: 4/4
  3598 | D:5      | Entered Level 5 of the Dungeon
  3647 | D:5      | Found a transporter.
  3647 | D:5      | Noticed Lanoc's ghost (novice MfDs)
  3648 | D:5      | Identified the ring "Fillot" {AC+5 Dex+6 Stlth-}
  3651 | D:5      | Noticed a moth of wrath
  3714 | D:5      | Identified the cursed ring of Athen {rElec Int+4 Dex+5,
                  | (Curse: Fragile MR-)}
  3727 | D:5      | Reached skill level 10 in Spellcasting
  3727 | D:5      | Noticed a two-headed ogre
  3729 | D:5      | Noticed Erolcha
  3735 | D:5      | Killed a two-headed ogre
  3783 | D:5      | Reached skill level 12 in Dodging
  3788 | D:5      | Killed Erolcha
  3788 | D:5      | Reached skill level 10 in Earth Magic
  3848 | D:5      | Found a staircase to the Lair.
  3865 | D:5      | Reached XP level 11. HP: 6/6 MP: 5/5
  4098 | D:5      | Found a portal to a secret trove of treasure.
  4282 | D:5      | Reached skill level 13 in Dodging
  4409 | D:5      | Found a transporter.
  4487 | D:5      | Noticed a two-headed ogre
  4491 | D:5      | Killed a two-headed ogre
  4634 | D:6      | Found a staircase to the Orcish Mines.
  4699 | D:6      | Noticed a two-headed ogre
  4699 | D:6      | Noticed a five-headed hydra
  4701 | D:6      | Noticed a great orb of eyes
  4701 | D:6      | a five-headed hydra changed into a great orb of eyes
  4707 | D:6      | Killed a two-headed ogre
  4719 | D:6      | Killed a great orb of eyes
  4824 | D:6      | Noticed a two-headed ogre
  4830 | D:6      | Killed a two-headed ogre
  4839 | D:6      | Found a shattered altar of Ashenzari.
  4891 | D:6      | Reached skill level 14 in Dodging
  4986 | D:6      | Noticed a two-headed ogre
  4993 | D:6      | Killed a two-headed ogre
  5021 | D:6      | Noticed an eight-headed hydra
  5092 | D:7      | Learned a level 3 spell: Confuse
  5107 | D:7      | Noticed a centaur warrior
  5116 | D:7      | Killed a centaur warrior
  5152 | D:7      | Noticed a boulder beetle
  5175 | D:7      | Slain by a boulder beetle

Levels and vault maps discovered:
D:1:      dpeg_arrival_long_road, layout_loops_ring
D:2:      layout_sewer, minmay_misc_feat_chi, lemuel_tele_altar
D:3:      layout_basic, first_ration, serial_shops, shop,
          roderic_serpentine_path, uniq_pikel, uniq_sigmund
D:4:      layout_basic, minmay_temple_entry_hall, gammafunk_ghost_grave,
          uniq_psyche, uniq_maurice
D:5:      layout_loops_ring, minmay_lair_entry_grove,
          gammafunk_ghost_berserking_beasts, trove_entry_hex_spiral,
          uniq_erolcha
D:6:      layout_roguey, cheibriados_altar_1, minmay_overflow_temple_hex,
          orc_0_dummy, basic_altar, bcadren_nooodl_food_pyramid,
          minmay_checkerbox
D:7:      layout_roguey, grunt_vaults_entry_tiered, serial_bayou_ford_a,
          uniq_sonja
Temple:   nicolae_temple_god_jail

Skill      XL: |  1  2  3  4  5  6  7  8  9 10 11 |
---------------+----------------------------------+-----
Dodging        | 3 4 5 6 7 9 11 12 14 | 14.3
Spellcasting   | 3 4 5 6 7 9 10 12 | 12.5
Earth Magic    | 4 5 6 7 9 10 11 | 11.6
Stealth        | |  1.4
Hexes          | |  0.8
Transmutations | |  1.0

Action                   |  1- 3 |  4- 6 |  7- 9 | 10-12 || total
-------------------------+-------+-------+-------+-------++-------
 Cast: Sandblast         |    24 |    76 |   193 |   284 ||   577
 Abil: Fly               |       |     1 |       |       ||     1
Evoke: Wand              |       |       |       |     4 ||     4
  Use: Scroll            |     1 |       |       |     1 ||     2
       Potion            |       |       |     1 |       ||     1
  Eat: Chunk             |       |     2 |     4 |     3 ||     9
       Ration            |       |       |     1 |     1 ||     2
Dodge: Dodged            |     8 |    51 |    79 |   174 ||   312
